 Dungeon Crawl Stone Soup version 0.30-a0-528-g8c47a4955b (webtiles) character file.

Game seed: 9906205996490345435

2397 Shayle the Trooper (level 9, 0/68 HPs)
             Began as a Demonspawn Reaver on Dec 23, 2022.
             Slain by a killer bee (1 damage)
             ... on level 7 of the Dungeon.
             The game lasted 00:26:41 (8293 turns).

Shayle the Trooper (Demonspawn Reaver)              Turns: 8293, Time: 00:26:42

Health: 0/68       AC: 13    Str: 12    XL:     9   Next: 22%
Magic:  8/16       EV: 11    Int: 19    God:
Gold:   380        SH:  4    Dex: 12    Spells: 15/18 levels left

rFire   . . .      SeeInvis .    j - +2 flail (protect)
rCold   . . .      Faith    .    g - +0 buckler
rNeg    . . .      Spirit   .    b - +1 leather armour
rPois   .          Reflect  .    l - +2 helmet
rElec   .          Harm     .    p - +2 cloak
rCorr   .          Rampage  .    (no gloves)
Will    +....      Clarity  +    (no boots)
Stlth   ++                       (no amulet)
HPRegen 0.31/turn                (no ring)
MPRegen 0.30/turn                (no ring)

@: lethally poisoned (0 -> -16), very slightly contaminated
A: yellow scales 2, powered by pain 1, magic regeneration, weakness stinger 1,
hooves 1, clarity, deterioration 1, strong-willed 1
a: no special abilities


You were on level 7 of the Dungeon.
You visited 2 branches of the dungeon, and saw 8 of its levels.

You collected 380 gold pieces.

Inventory:

Hand Weapons
 a - a +0 spear
 h - a +1 trident
 j - a +2 flail of protection (weapon)
 r - a +1 dagger of venom
Missiles
 f - a throwing net
Armour
 b - a +1 leather armour (worn)
 g - a +0 buckler (worn)
 l - a +2 helmet (worn)
 m - the +0 ring mail of Faxkumn {rPois Dex+6}
   (You found it on level 4 of the Dungeon)

   Dex:       It affects your dexterity (+6).
   rPois:     It protects you from poison.
 p - a +2 cloak (worn)
 v - a +0 robe of the Archmagi
Wands
 n - a wand of paralysis (12)
 q - a wand of flame (26)
Scrolls
 d - 3 scrolls of identify
 i - 3 scrolls of immolation
 k - a scroll of enchant armour
 u - 3 scrolls of enchant weapon
Potions
 c - 2 potions of mutation


   Skills:
 + Level 5.6 Fighting
 - Level 3.1 Polearms
 + Level 4.3 Armour
 - Level 2.2 Dodging
 + Level 4.8 Stealth
 + Level 2.7 Shields
 + Level 5.2 Spellcasting
 - Level 3.4 Conjurations
 + Level 4.4 Fire Magic


You had 15 spell levels left.
You knew the following spells:

 Your Spells              Type           Power      Damage    Failure   Level
a - Kiss of Death         Conj/Necr      44%        2d8       10%         1
b - Scorch                Fire           42%        2d7       4%          2

Your spell library contained the following spells:

 Spells                   Type           Power      Damage    Failure   Level
 Magic Dart               Conj           68%        1d6       4%          1
 Momentum Strike          Conj/Tloc      22%        3d8       16%         2
 Call Imp                 Summ           4%         N/A       30%         2
 Sublimation of Blood     Necr           4%         N/A       30%         2
 Hailstorm                Conj/Ice       11%        3d5       30%         3
 Mephitic Cloud           Conj/Pois/Air  9%         N/A       36%         3
 Flame Wave               Conj/Fire      19%        2d7       36%         4
 Iskenderun's Battlesphe  Conj           17%        2d7       80%         5
 Airstrike                Air            2%         2d(1-17)  90%         4
 Animate Dead             Necr           4%         N/A       90%         4
 Petrify                  Tmut/Erth      4%         N/A       90%         4
 Summon Lightning Spire   Summ/Air       4%         N/A       90%         4
 Irradiate                Conj/Tmut      5%         3d13      95%         5
 Lightning Bolt           Conj/Air       5%         1d17      95%         5
 Iron Shot                Conj/Erth      5%         9d2       100%        6
 Summon Cactus Giant      Summ           2%         N/A       100%        6
 Haunt                    Necr/Summ      2%         N/A       100%        7
 Spellforged Servitor     Conj/Summ      5%         N/A       100%        7
 Infestation              Necr           2%         N/A       100%        8


Dungeon Overview and Level Annotations

Branches:
Dungeon (7/15)             Temple (1/1) D:7

Altars:
Fedhas
Gozag
Hepliaklqana
Qazlal
Trog
Uskayaw
Vehumet
Wu Jian


Innate Abilities, Weirdness & Mutations

You are mostly covered in yellow scales. (AC +3)
You sometimes gain a little power by taking damage.
You regenerate magic rapidly.
You have a small tail.
You have large cloven feet.
You possess an exceptional clarity of mind.
Your body sometimes deteriorates upon taking damage.
You are strong-willed. (Will+)


Message History

Casting: Scorch (safe; 4% risk of failure)
Confirm with . or Enter, or press ? or * to list all spells.
Flames lash the killer bee.
The killer bee is severely wounded.
The killer bee's fire resistance burns away.
You feel very sick. The killer bee closely misses you.
You block the killer bee's attack. The killer bee stings you. x2
* * * LOW HITPOINT WARNING * * *
The killer bee stings you.
* * * LOW HITPOINT WARNING * * *
You are lethally poisoned!
The killer bee poisons you! The killer bee misses you.
Unknown command.
Casting: Scorch (safe; 4% risk of failure)
Confirm with . or Enter, or press ? or * to list all spells.
Flames lash the killer bee.
The killer bee is burned terribly!
You kill the killer bee!
* * * LOW HITPOINT WARNING * * *
You feel very sick. The killer bee misses you. The killer bee stings you.
* * * LOW HITPOINT WARNING * * *
You are more poisoned.
The killer bee poisons you! You block the killer bee's attack.
The killer bee stings you.
* * * LOW HITPOINT WARNING * * *
Unknown command.
Okay, then.
Really quaff the potion of mutation?
You feel extremely strange.
You no longer feel cold resistant.
Your thinking seems confused.
You feel strong-willed.
Your thoughts seem clearer.
You feel yourself wasting away.
Your feet thicken and deform.
* * * LOW HITPOINT WARNING * * *
You feel very sick. You block the killer bee's attack.
The killer bee stings you but does no damage.
The jelly barely misses you. The killer bee closely misses you.
The killer bee stings you.
You die...

,,,,,*,,,**,,,,,*,,,,,,,,,,*
,,,,,*,,,,*,,,,,*,,,,,,,,,,*
,,,,,*,,,,',,,,,*,,,,,******
,,,,,*,,,*#######,,,,,*
,,,,,*,,,*#.....#,,,,#######
,,,,,*,,,,#.....######⌠...⌠#####
,,,,,*,,,,#......#...#.....#...##
,,,,,*,,,,#....y...⌠...)>.))[⌠...
,,,,,*,,,,#....y@#...#.....#...#.
,,,,,*,,,,#....J######⌠...⌠######
,,,,,*,,,,#.....#,,,,#######
,,,,,*,,,,#.....#,,,,,*,,,,*
,,,,,*,,,*#'#####,,,,,*+****
,,,,,*,,,*#.....#,,,,,,,,,,*
,,,,.#**,*#.....#,,,,,,,,,,*
,,,,...,,,#.....#,,,,,,,,,,*
,,,,....,,#y....#,,,,,,,,,,* *#


You could see a jelly and 2 killer bees.

Vanquished Creatures
  Menkaure (D:7)
  A water moccasin (D:6)
  4 ogres
  A phantom (D:6)
  2 bullfrogs (D:6)
  2 gnoll sergeants (D:5)
  2 necrophages
  3 scorpions
  3 wights (D:7)
  3 killer bees (D:7)
  3 howler monkeys (D:7)
  2 hounds
  2 jellies (D:6)
  4 orc priests
  A gnoll bouda (D:4)
  5 orc wizards
  2 iguanas
  14 gnolls
  8 adders
  A white imp (D:6)
  2 ufetubi (D:4)
  2 dart slugs
  30 orcs
  4 ball pythons
  7 bats
  9 endoplasms
  A giant cockroach (D:1)
  14 goblins
  13 hobgoblins
  4 jackals (D:3)
  5 quokkas
  2 frilled lizards
  10 kobolds
  8 rats
175 creatures vanquished.

Vanquished Creatures (others)
  30 plants
30 creatures vanquished.

Grand Total: 205 creatures vanquished

Notes
Turn   | Place    | Note
-------+----------+-------------------------------------------
     0 | D:1      | Shayle the Demonspawn Reaver began the quest for the Orb.
     0 | D:1      | Reached XP level 1. HP: 16/16 MP: 3/3
   247 | D:1      | Gained mutation: You are partially covered in yellow
                  | scales. (AC +2) [demonic ancestry]
   247 | D:1      | Reached XP level 2. HP: 22/22 MP: 5/5
  1045 | D:2      | Reached XP level 3. HP: 20/28 MP: 6/6
  1497 | D:2      | Learned a level 2 spell: Scorch
  1547 | D:2      | Gained mutation: You are mostly covered in yellow scales.
                  | (AC +3) [demonic ancestry]
  1547 | D:2      | Reached XP level 4. HP: 26/34 MP: 7/7
  1606 | D:2      | Found a faded altar of an unknown god.
  2742 | D:4      | Noticed an ogre
  2758 | D:4      | Killed an ogre
  2759 | D:4      | Reached skill level 1 in Armour
  2759 | D:4      | Reached skill level 1 in Stealth
  2759 | D:4      | Reached skill level 1 in Fire Magic
  2759 | D:4      | Reached XP level 5. HP: 41/41 MP: 1/9
  3163 | D:4      | Gained mutation: You regenerate magic rapidly. [demonic
                  | ancestry]
  3163 | D:4      | Reached XP level 6. HP: 47/47 MP: 3/10
  3455 | D:4      | Gained mutation: You sometimes lose your temper in combat.
                  | [potion of mutation]
  3455 | D:4      | Lost mutation: You sometimes lose your temper in combat.
                  | [potion of mutation]
  3455 | D:4      | Gained mutation: You have hidden genetic potential. [potion
                  | of mutation]
  3474 | D:4      | Found an opulent altar of Gozag.
  3680 | D:4      | Identified the +6 dagger "Annik" {vorpal, rPois}
  3881 | D:4      | Gained mutation: You sometimes gain a little power by
                  | taking damage. [demonic ancestry]
  3881 | D:4      | Reached XP level 7. HP: 53/53 MP: 5/12
  3901 | D:4      | Gained mutation: You possess an exceptional clarity of
                  | mind. [hidden potential]
  3905 | D:4      | Found a hide-covered altar of Uskayaw.
  4442 | D:4      | Identified the +0 ring mail of Faxkumn {rPois Dex+6}
  4586 | D:5      | Entered Level 5 of the Dungeon
  5495 | D:5      | Gained mutation: You have a small tail. [demonic ancestry]
  5495 | D:5      | Reached XP level 8. HP: 48/61 MP: 9/14
  5909 | D:6      | Reached skill level 1 in Shields
  6173 | D:6      | Reached skill level 5 in Fighting
  6854 | D:7      | Noticed Menkaure
  6861 | D:7      | Killed Menkaure
  6970 | D:7      | Reached XP level 9. HP: 64/68 MP: 6/16
  6972 | D:7      | Reached skill level 5 in Spellcasting
  7067 | D:7      | Gained mutation: Your flesh is cold resistant. (rC+)
                  | [hidden potential]
  7067 | D:7      | Lost mutation: You have hidden genetic potential. [hidden
                  | potential expressed]
  8011 | D:7      | Found a staircase to the Ecumenical Temple.
  8053 | Temple   | Entered the Ecumenical Temple
  8293 | D:7      | Lost mutation: Your flesh is cold resistant. (rC+) [potion
                  | of mutation]
  8293 | D:7      | Lost mutation: You possess an exceptional clarity of mind.
                  | [potion of mutation]
  8293 | D:7      | Gained mutation: You are strong-willed. (Will+) [potion of
                  | mutation]
  8293 | D:7      | Gained mutation: You possess an exceptional clarity of
                  | mind. [potion of mutation]
  8293 | D:7      | Gained mutation: Your body sometimes deteriorates upon
                  | taking damage. [potion of mutation]
  8293 | D:7      | Gained mutation: You have large cloven feet. [potion of
                  | mutation]
  8293 | D:7      | HP: 1/68 [poisoned by a killer bee]
  8293 | D:7      | Slain by a killer bee

Illustrated notes

Levels and vault maps discovered:
D:1:      dpeg_arrival_solitude, layout_basic
D:2:      layout_loops_ring, hellmonk_ecumenical_altar_heavens_door,
          serial_bayou_lake_a
D:3:      layout_rooms, hex_large
D:4:      corexii_shantytown, layout_gridville,
          grunt_temple_overflow_gold_and_silver, general_overflow_altar
D:5:      layout_rooms, nicolae_grassy_gnolls
D:6:      layout_loops_cross, st_stairs_2
D:7:      layout_gridville, minmay_temple_entry_antechambers, abandoned_shop,
          uniq_joseph, uniq_menkaure
Temple:   hellmonk_temple_beads

Skill      XL: |  1  2  3  4  5  6  7  8  9 |
---------------+----------------------------+-----
Dodging        | 2 |  2.2
Polearms       | 3 |  3.1
Fighting       | 3 4 5 |  5.6
Armour         | 1 2 3 4 |  4.3
Stealth        | 1 2 3 4 |  4.8
Fire Magic     | 1 2 3 4 |  4.4
Spellcasting   | 3 4 5 |  5.2
Shields        | 2 |  2.7
Conjurations   | |  3.4

Action                   |  1- 3 |  4- 6 |  7- 9 || total
-------------------------+-------+-------+-------++-------
Melee: Spear             |   159 |   143 |       ||   302
       Punch             |     2 |     4 |     1 ||     7
       Trident           |       |    64 |   179 ||   243
       Flail             |       |       |    68 ||    68
       Tailslap          |       |       |    15 ||    15
 Cast: Scorch            |       |    31 |   103 ||   134
Evoke: Wand              |       |       |     3 ||     3
  Use: Scroll            |       |     8 |     7 ||    15
       Potion            |       |     6 |     6 ||    12
 Stab: Sleeping          |       |     2 |     4 ||     6
Armor: Leather armour    |    54 |   110 |   220 ||   384
Dodge: Dodged            |    93 |   137 |   223 ||   453
Block: Buckler           |       |       |    55 ||    55

Table legend: (Time is in decaauts)
 A = Elapsed time spent in this place.
 B = Non-inter-level travel time spent in this place.
 C = Inter-level travel time spent in this place.
 D = Time resting spent in this place.
 E = Time spent auto-exploring this place.
 F = Levels seen in this place.
 G = Mean time per level.
                   A        B        C        D        E       F      G
               +--------+--------+--------+--------+--------+-----+--------+
         Total |   8365 |   7835 |    530 |   1596 |   3616 |   8 | 1045.6 |
       Dungeon |   8217 |   7698 |    519 |   1596 |   3487 |   7 | 1173.9 |
        Temple |    147 |    136 |     11 |      0 |    129 |   1 |  147.0 |
               +--------+--------+--------+--------+--------+-----+--------+

Top non-repeatable levels by time:
     D:4: 2337 daAuts
     D:2: 1174 daAuts
     D:5: 1072 daAuts
     D:6: 936 daAuts
     D:1: 933 daAuts
     D:7: 924 daAuts
     D:3: 839 daAuts
  Temple: 147 daAuts
